 Dungeon Crawl Stone Soup version 0.31-a0-117-g42d8f58691 (webtiles) character file.

Game seed: 12129952764917914699

161 voltaire321 the Charlatan (level 5, -2/38 HPs)
             Began as a Demonspawn Artificer on May 30, 2023.
             Slain by an orc wizard
             ... wielding a +0 dagger of venom
              (4 damage)
             ... on level 3 of the Dungeon.
             The game lasted 00:05:43 (1662 turns).

voltaire321 the Charlatan (Demonspawn Artificer)    Turns: 1662, Time: 00:05:44

Health: -2/38      AC:  8    Str: 15    XL:     5   Next: 18%
Magic:  5/5        EV: 12    Int: 12    God:
Gold:   158        SH:  0    Dex: 15    Spells: 4/4 levels left

rFire   . . .        m - +0 rapier
rCold   . . .        (no shield)
rNeg    . . .        b - +0 leather armour
rPois   .            (no helmet)
rElec   .            (no cloak)
rCorr   .            (no gloves)
SInv    .            l - +0 pair of boots
Will    .....        (no amulet)
Stlth   +++          g - +4 ring of protection
HPRegen 1.26/turn    (no ring)
MPRegen 0.09/turn

%: no passive effects
@: lethally poisoned (-2 -> -13)
A: thin skeletal structure 1, powered by death 1, demonic touch 1
a: no special abilities


You were on level 3 of the Dungeon.
You visited 1 branch of the dungeon, and saw 3 of its levels.

You collected 158 gold pieces.

Inventory:

Hand Weapons
 h - a +0 mace
 m - a +0 rapier (weapon)
Armour
 b - a +0 leather armour (worn)
 l - a +0 pair of boots (worn)
Jewellery
 g - a +4 ring of protection (left hand)
 p - a ring of magical power
Wands
 c - a wand of flame (15) (quivered)
 d - a wand of charming (15)
 e - a wand of iceblast (5)
Scrolls
 a - 2 scrolls of identify {unknown}
 i - a scroll of fog {unknown}
 j - a scroll of fear {unknown}
 q - a scroll of enchant armour {unknown}
Potions
 f - 4 potions of curing {unknown}
 k - a potion of ambrosia {unknown}
 n - a potion of haste {unknown}
 o - a potion of enlightenment {unknown}


   Skills:
 + Level 2.2 Fighting
 + Level 0.6 Short Blades
 + Level 2.6 Armour
 + Level 2.0 Dodging
 * Level 2.2 Stealth
 + Level 3.7 Evocations


You had 4 spell levels left.
You didn't know any spells.
Your spell library was empty.

Dungeon Overview and Level Annotations

Branches:
Dungeon (3/15)

Altars:


Innate Abilities, Weirdness & Mutations

You have a somewhat thin skeletal structure. (Dex +2, Stealth+)
You regenerate a little health from kills.
Your touch may inflict minor irresistible damage on your foes.


Message History

You are poisoned.
You feel very sick.
You hit something.
You feel very sick.
You hear some strange, mumbled words.
A puff of flame appears from out of thin air!
The puff of flame misses you.
You hear some strange, mumbled words.
You are confused.
You feel sick. Something barely misses you.
You bump into the rock wall.
You feel sick. Something hits you but does no damage.
You are more poisoned.
You feel very sick. Something hits you but does no damage.
You are more poisoned.
You bump into the rock wall.
You feel very sick.
You hit the rat.
The rat is moderately wounded.
You feel very sick. Something hits you.
You are lethally poisoned!
The rat closely misses you.
You puncture the rat!
You kill the rat!
You feel less confused.
You feel very sick. Something hits you but does no damage.
You are lethally poisoned!
You closely miss something.
* * * LOW HITPOINT WARNING * * *
You feel very sick. The hobgoblin barely misses you.
Something hits you but does no damage.
You are more poisoned.
You miss something.
* * * LOW HITPOINT WARNING * * *
You feel extremely sick. The hobgoblin closely misses you. Something hits you.
You die...

##....#.####..#.........
..<...........#..#......#
#............[..o..o....#
........##......o.......#
........##.<............#
.............##.........
.....#).....######.#..##
.....#......## ###o#..#
.....#.......# #@go...#
.....#.#.......#{#.#.##
.....#.#.......'.#.#.#
.....#.#.......###.#.#
.....#.#.......###.#.#
.....#....#.....##.#.###
.....'.......>.........#
....##.<..#.....##.#.###
######....#.....##.#.#


You could see 2 orcs and a hobgoblin.

Vanquished Creatures
  A howler monkey (D:3)
  Robin (D:2)
  An adder (D:2)
  2 worms
  5 dart slugs
  4 orcs (D:3)
  3 ball pythons
  7 bats
  4 endoplasms
  3 giant cockroaches
  14 goblins
  7 hobgoblins
  4 jackals (D:1)
  5 quokkas
  2 frilled lizards (D:2)
  7 kobolds
  4 rats
74 creatures vanquished.

Notes
Turn   | Place    | Note
-------+----------+-------------------------------------------
     0 | D:1      | voltaire321 the Demonspawn Artificer began the quest for
                  | the Orb.
     0 | D:1      | Reached XP level 1. HP: 15/15 MP: 1/1
    81 | D:1      | Reached skill level 1 in Dodging
   172 | D:1      | Gained mutation: You have a somewhat thin skeletal
                  | structure. (Dex +2, Stealth+) [demonic ancestry]
   172 | D:1      | Reached XP level 2. HP: 21/21 MP: 2/2
   348 | D:1      | Reached skill level 1 in Stealth
   668 | D:2      | Gained mutation: Your touch may inflict minor irresistible
                  | damage on your foes. [demonic ancestry]
   668 | D:2      | Reached XP level 3. HP: 23/26 MP: 3/3
   760 | D:2      | Noticed Robin
   776 | D:2      | Killed Robin
   952 | D:2      | Reached XP level 4. HP: 33/33 MP: 4/4
  1515 | D:3      | Gained mutation: You regenerate a little health from kills.
                  | [demonic ancestry]
  1515 | D:3      | Reached XP level 5. HP: 34/38 MP: 5/5
  1662 | D:3      | Slain by an orc wizard

Illustrated notes

Levels and vault maps discovered:
D:1:      dpeg_arrival_snail, layout_basic
D:2:      layout_loops_ring, serial_bayou, serial_bayou_crossing,
          serial_bayou_pond_b, serial_bayou_shore_b, serial_bayou_lagoon_a,
          serial_bayou_pond_d, uniq_robin
D:3:      minmay_bubble_buster, layout_basic, gammafunk_ghost_nasty_kobolds,
          uniq_jessica

Skill      XL: |  1  2  3  4 |
---------------+-------------+-----
Dodging        | 1 2 |  2.0
Armour         | 2 |  2.6
Stealth        | 1 2 |  2.2
Fighting       | 2 |  2.2
Short Blades   | |  0.6
Evocations     | |  3.7

Action                     |  1- 3 |  4- 6 || total
---------------------------+-------+-------++-------
  Melee: Mace              |    77 |       ||    77
         Club              |    11 |       ||    11
         Rapier            |    34 |    86 ||   120
         Touch             |    13 |    15 ||    28
         Punch             |     1 |       ||     1
   Stab: Sleeping          |     5 |     7 ||    12
 Armour: Leather armour    |    58 |    39 ||    97
  Dodge: Dodged            |    80 |    56 ||   136

Table legend: (Time is in decaauts)
 A = Elapsed time spent in this place.
 B = Non-inter-level travel time spent in this place.
 C = Inter-level travel time spent in this place.
 D = Time resting spent in this place.
 E = Time spent auto-exploring this place.
 F = Levels seen in this place.
 G = Mean time per level.
                   A        B        C        D        E       F      G
               +--------+--------+--------+--------+--------+-----+--------+
         Total |   1736 |   1664 |     72 |      9 |    978 |   3 |  578.7 |
       Dungeon |   1736 |   1664 |     72 |      9 |    978 |   3 |  578.7 |
               +--------+--------+--------+--------+--------+-----+--------+

Top non-repeatable levels by time:
     D:2: 855 daAuts
     D:1: 634 daAuts
     D:3: 246 daAuts
